AoeStats
← Rough-Rider

Black Forest

506888798Analyzed
3v3 RM · 17d ago on Sep 15, 2026· 39m 50s· 6 players
Game mode
Random Map
Map size
Normal (6 player)
Population
200
Speed
Normal
Resources
Standard
Victory
Conquest
Starting age
Dark Age
Ending age
Imperial Age
RankedLock teamsTeams togetherTeam positionsShared explorationLock speedFull tech treeHidden civsTurbo modeCheats
Victory
Defeat
🇫🇷 Celts · France
1072
+13
🇭🇰 Franks · Hong Kong SAR China
963
+18
🇷🇴 Romans · Romania
948
+19
🇹🇷 Britons · Türkiye
1020
-17
🇺🇸 Spanish · United States
1007
-17
🇦🇷 Japanese · Argentina
1000
-48
Rough-Rider
1:10 Loom
14:29 Feudal Age
19:04 Castle Age
21:32 Horse Collar
23:51 Double-Bit Axe
27:32 Caravan
27:56 Bow Saw
29:01 Wheelbarrow
30:06 Gold Mining
30:19 Heavy Plow
34:55 Imperial Age
33:43 Hand Cart
36:38 Chemistry
37:12 Fletching
37:29 Scale Barding Armor
37:34 Forging
37:24 Pikeman
cangapolacelular
12:30 Feudal Age
13:17 Double-Bit Axe
17:46 Horse Collar
21:57 Castle Age
25:30 Bow Saw
26:22 Wheelbarrow
28:03 Scale Barding Armor
28:28 Gold Mining
28:29 Stone Mining
33:41 Gold Shaft Mining
34:53 Hand Cart
34:24 Town Watch
34:24 Loom
36:24 Town Patrol
36:43 Husbandry
41:13 Imperial Age
39:32 Chain Barding Armor
39:23 Forging
kuzgun
10:57 Feudal Age
15:41 Castle Age
15:05 Loom
16:04 Double-Bit Axe
24:27 Fletching
25:08 Bodkin Arrow
31:49 Imperial Age
29:43 Bow Saw
30:26 Wheelbarrow
30:10 Padded Archer Armor
30:11 Pikeman
30:52 Squires
30:37 Gambesons
30:38 Arson
31:37 Forging
31:29 Scale Mail Armor
35:19 Bracer
35:38 Hand Cart
35:09 Town Watch
37:39 Iron Casting
37:19 Leather Archer Armor
36:48 Horse Collar
38:55 Heavy Plow
Nielu256
11:18 Feudal Age
11:52 Man-at-Arms
13:53 Double-Bit Axe
15:10 Horse Collar
17:18 Fletching
17:29 Scale Mail Armor
17:39 Forging
17:19 Loom
24:05 Castle Age
22:16 Stone Mining
22:17 Gold Mining
24:30 Wheelbarrow
23:40 Town Watch
26:40 Bow Saw
26:37 Heavy Plow
26:40 Bodkin Arrow
29:32 Hand Cart
29:17 Town Patrol
30:54 Caravan
35:11 Imperial Age
33:22 Chain Mail Armor
33:42 Iron Casting
33:29 Long Swordsman
33:30 Pikeman
34:10 Squires
34:54 Masonry
34:56 Fortified Wall
35:50 Ballistics
35:48 Ballistas
36:02 Legionary
37:29 Iron Casting
37:01 Heavy Scorpion
37:43 Halberdier
39:18 Conscription
40:11 Blast Furnace
40:30 Comitatenses
不知名帅哥
12:04 Feudal Age
16:52 Castle Age
17:43 Wheelbarrow
22:21 Double-Bit Axe
23:54 Loom
24:24 Hand Cart
26:40 Fletching
29:46 Imperial Age
27:38 Bow Saw
27:42 Bodkin Arrow
29:36 Husbandry
29:41 Padded Archer Armor
29:52 Forging
29:48 Scale Barding Armor
29:53 Caravan
30:34 Cavalier
32:39 Gold Mining
33:48 #83
33:00 Light Cavalry
34:16 Elite Throwing Axeman
35:35 Conscription
35:16 Pikeman
36:39 Iron Casting
36:25 Chain Barding Armor
36:21 Leather Archer Armor
38:30 Gold Shaft Mining
37:46 Stone Mining
39:10 Paladin
Juan
0:44 Loom
11:34 Feudal Age
16:08 Castle Age
14:56 Double-Bit Axe
24:16 Wheelbarrow
23:45 Pikeman
24:56 Bow Saw
27:36 Hand Cart
28:26 Caravan
28:53 Forging
28:43 Scale Mail Armor
29:10 Horse Collar
32:35 Imperial Age
30:06 Gold Mining
30:11 Stone Mining
32:32 Iron Casting
32:13 Chain Mail Armor
32:03 Scale Barding Armor
31:58 Padded Archer Armor
31:49 Fletching
31:53 Gambesons
31:53 Arson
31:29 Man-at-Arms
33:23 Gold Shaft Mining
33:27 Stone Shaft Mining
32:39 Town Watch
32:37 Elite Woad Raider
32:41 Halberdier
33:32 Heavy Plow
34:43 Blast Furnace
35:20 Furor Celtica
35:28 Capped Ram
38:13 Plate Mail Armor
38:03 Chain Barding Armor
37:59 Leather Archer Armor
37:09 Siege Ram
39:11 Long Swordsman
39:52 Bodkin Arrow
Connection lost

Rejoining the realm…

Still unreachable

The connection could not be restored.

Session expired

The server has moved on; the page needs a fresh start.